 Dungeon Crawl Stone Soup version 0.31.0-9-g3a7656b989 (webtiles) character file.

Game seed: 4989217190286155646

1188 Arcadio the Trooper (level 8, -14/65 HPs)
             Began as a Human Monk on Jan 24, 2024.
             Was a Believer of the Shining One.
             Demolished by an ogre
             ... wielding a +0 giant spiked club
              (29 damage)
             ... on level 6 of the Dungeon.
             The game lasted 00:11:53 (6350 turns).

Arcadio the Trooper (Human Monk)                    Turns: 6350, Time: 00:11:54

Health: -14/65     AC:  5    Str: 12    XL:     8   Next: 43%
Magic:  8/8        EV: 13    Int: 11    God:    the Shining One [**....]
Gold:   310        SH:  0    Dex: 17    Spells: 7/7 levels left

rFire   . . .        y - +3 dagger
rCold   . . .        d - orb {light}
rNeg    + . .        m - +0 ring mail
rPois   .            (helmet currently unavailable)
rElec   .            (cloak currently unavailable)
rCorr   .            (gloves currently unavailable)
SInv    .            (boots currently unavailable)
Will    .....        q - amulet of faith
Stlth   +            H - ring of wizardry
HPRegen 0.30/turn    (no ring)
MPRegen 0.11/turn

%: faith, wizardry (x1)
@: beast-form, glowing
A: beast (slay +0), explore regen
a: Begin Untransformation, Renounce Religion, Divine Shield


You were on level 6 of the Dungeon.
You worshipped the Shining One.
The Shining One was pleased with you.
You were a hulking beast.
You visited 2 branches of the dungeon, and saw 9 of its levels.

You collected 365 gold pieces.
You spent 55 gold pieces at shops.

Inventory:

Hand Weapons
 a - a +0 falchion
 r - a +2 flail of protection
 s - a +2 dagger of draining
 y - a +3 dagger (weapon)
Armour
 b - a +0 robe
 d - an orb of light (worn)
 k - a +0 plate armour
 m - a +0 ring mail (worn)
 B - a +0 cloak
Jewellery
 q - an amulet of faith (around neck)
 H - a ring of wizardry (left hand)
Talismans
 n - a beast talisman (active)
Wands
 v - a wand of polymorph (6)
 E - a wand of digging (5)
Scrolls
 i - a scroll of fear
 j - a scroll of fog {unknown}
 l - 3 scrolls of teleportation
 t - a scroll of noise {unknown}
 w - 2 scrolls of vulnerability {unknown}
 x - a scroll of brand weapon {unknown}
 A - a scroll of poison {unknown}
 G - 2 scrolls of revelation {unknown}
Potions
 c - a potion of ambrosia
 e - 2 potions of curing
 f - a potion of haste {unknown}
 g - 2 potions of lignification
 h - 2 potions of invisibility {unknown}
 o - a potion of heal wounds {unknown}
 p - 2 potions of brilliance
 u - a potion of degeneration {unknown}
 z - a potion of enlightenment {unknown}
 C - a potion of attraction {unknown}
 D - a potion of might {unknown}
 F - 2 potions of mutation {unknown}


   Skills:
 + Level 6.4 Fighting
 + Level 6.3 Long Blades
 + Level 6.3 Dodging


You had 7 spell levels left.
You didn't know any spells.
Your spell library contained the following spells:

 Spells                   Type           Power      Damage    Failure   Level
 Apportation              Tloc           0%         N/A       32%         1
 Magic Dart               Conj           0%         1d3       32%         1
 Jinxbite                 Hex            0%         N/A       43%         2
 Searing Ray              Conj           0%         2d4       43%         2
 Fulminant Prism          Conj/Alch      0%         3d5       95%         4
 Ignite Poison            Fire/Alch      0%         N/A       95%         4
 Sticky Flame             Fire/Alch      0%         2d4       95%         4
 Alistair's Intoxication  Alch           0%         N/A       100%        5
 Ignition                 Fire           0%         3d3       100%        8


Dungeon Overview and Level Annotations

Branches:
Dungeon (8/15)             Temple (1/1) D:5
   Lair: D:8-11

Altars:
Cheibriados
Dithmenos
Elyvilon
Fedhas
Gozag
Hepliaklqana
Kikubaaqudgha
Makhleb
Nemelex Xobeh
Okawaru
Qazlal
Ru
Sif Muna
Trog
Uskayaw
Vehumet
Xom
Zin
The Shining One

Shops:
D:2 ?   D:7 :


Innate Abilities, Weirdness & Mutations

You are a hulking beast.
Your limbs bulge with bestial killing power. (Slay +0)
You regain HP and MP as you explore.


Message History

There is an open door here.
G - 2 scrolls labelled YXYNYD SORROIR
There is a stone staircase leading down here.
An adder comes into view.
The adder hisses angrily.
You hit the adder.
The adder is heavily wounded.
The adder barely misses you.
You hit the adder.
The adder is severely wounded.
The adder completely misses you.
You hit the adder.
You kill the adder!
You see here an adder corpse.
H - a ring of wizardry You now have 310 gold pieces (gained 12).
An ogre comes into view. It is wielding a +0 giant spiked club.
The ogre shouts!
H - a ring of wizardry (left hand)
You completely miss the ogre.
The ogre hits you with a +0 giant spiked club!!
You hit the ogre.
The ogre is lightly wounded.
You hit the ogre.
The ogre is moderately wounded.
The ogre hits you with a +0 giant spiked club!!
You hit the ogre.
The ogre is heavily wounded.
You hit the ogre.
The ogre is heavily wounded.
The ogre barely misses you.
You hit the ogre.
The ogre is severely wounded.
The ogre hits you with a +0 giant spiked club!
You hit the ogre.
The ogre is almost dead.
You hit the ogre.
The ogre is almost dead.
The ogre hits you with a +0 giant spiked club!!
You die...

#...# .. ##.## #.#
#..# ..
##.###############.#
#.................#
##.####### ##†# #..#
#..#
##.###########.##
#h...........^####
#O############...#.
... ###... .....
##.. #...... #..
#...... #.. #......
#.. #...##. ##. ##


You could see an ogre.

Vanquished Creatures
  A water moccasin (D:5)
  A sky beast (D:7)
  A black bear (D:6)
  A phantom (D:6)
  Blork the orc (D:4)
  A killer bee (D:8)
  A hound (D:4)
  3 bombardier beetles
  A jelly (D:5)
  4 orc priests
  3 iguanas
  4 orc wizards
  3 sleepcaps
  5 gnolls
  5 adders
  A ribbon worm (D:2)
  13 orcs
  6 ball pythons
  8 bats
  5 endoplasms
  6 giant cockroaches
  4 goblins
  5 hobgoblins
  7 kobolds
  3 quokkas
  6 frilled lizards
  7 rats
106 creatures vanquished.

Notes
Turn   | Place    | Note
-------+----------+-------------------------------------------
     0 | D:1      | Arcadio the Human Monk began the quest for the Orb.
     0 | D:1      | Reached XP level 1. HP: 18/18 MP: 1/1
    44 | D:1      | Found a faded altar of an unknown god.
    99 | D:1      | Reached XP level 2. HP: 18/24 MP: 2/2
   625 | D:1      | Reached XP level 3. HP: 26/29 MP: 3/3
   723 | D:2      | Found Kiuweqeg's Magic Scroll Shoppe.
   729 | D:2      | Bought a scroll of teleportation for 33 gold pieces
   729 | D:2      | Bought a scroll of identify for 22 gold pieces
  1162 | D:2      | Found an ancient bone altar of Kikubaaqudgha.
  1707 | D:3      | Found a burning altar of Makhleb.
  1708 | D:3      | Noticed a cacodemon
  1712 | D:3      | Noticed a smoke demon
  1712 | D:3      | Noticed a hellwing
  1756 | D:3      | Reached XP level 4. HP: 37/37 MP: 4/4
  1961 | D:3      | Found a snail-covered altar of Cheibriados.
  2254 | D:4      | Reached XP level 5. HP: 20/42 MP: 5/5
  2519 | D:4      | Noticed Blork the orc
  2534 | D:4      | Killed Blork the orc
  2535 | D:4      | Reached XP level 6. HP: 49/49 MP: 6/6
  3212 | D:5      | Entered Level 5 of the Dungeon
  3425 | D:5      | Reached skill level 5 in Fighting
  3462 | D:4      | Reached skill level 5 in Long Blades
  3462 | D:4      | Reached skill level 5 in Dodging
  3462 | D:4      | Reached XP level 7. HP: 22/56 MP: 7/7
  4742 | D:5      | Found a staircase to the Ecumenical Temple.
  4751 | Temple   | Entered the Ecumenical Temple
  4776 | Temple   | Became a worshipper of the Shining One
  4776 | Temple   | Reached * piety under the Shining One
  4776 | Temple   | Reached ** piety under the Shining One
  4870 | D:5      | You fall into a shaft and drop 3 floors!
  4870 | D:8      | Found a shimmering blue altar of Sif Muna.
  4874 | D:7      | Noticed a steam dragon
  4958 | D:8      | Reached XP level 8. HP: 34/64 MP: 8/8
  5395 | D:7      | Found Cucax's Tremendous Tomes.
  5419 | D:7      | HP: 3/64 [orc wizard/magic dart (5)]
  5783 | D:6      | Found a sacrificial altar of Ru.
  6350 | D:6      | Demolished by an ogre

Illustrated notes

Levels and vault maps discovered:
D:1:      amcnicky_arrival_gap_in_the_tavern_cellar, layout_loops_ring,
          ebering_ecumenical_altar_box, minivault_11
D:2:      layout_loops_corners, basic_altar, serial_shops, shop,
          minmay_pentomino_x4
D:3:      layout_basic, makhleb_altar_promises_db,
          mainiacjoe_overflow_six_doors_small
D:4:      layout_loops_ring, uniq_blork_the_orc
D:5:      layout_basic, minmay_temple_entry_ruins
D:6:      layout_loops_corners, nicolae_ru_great_annihilating_truth,
          nicolae_benzene_ring, chequers_serial_rivers_micro_c, hex_tiny,
          dk_vineyard_2, chequers_serial_rivers_marsh,
          hangedman_decor_clover_reticule
D:7:      layout_basic, serial_curves, eino_curves_04, eino_curves_04,
          nicolae_shop_i_like_big_books, grunt_ministairs_8, glass_columns_c
D:8:      layout_gridville, mainiacjoe_overflow_small_starburst,
          mainiacjoe_overflow_boulevard, nicolae_grassy_gnolls
Temple:   nicolae_temple_superstar

Skill      XL: |  1  2  3  4  5  6  7  8 |
---------------+-------------------------+-----
Fighting       | 4 5 6 |  6.4
Long Blades    | 4 5 6 |  6.3
Dodging        | 4 5 6 |  6.3

Action                     |  1- 3 |  4- 6 |  7- 9 || total
---------------------------+-------+-------+-------++-------
  Melee: Falchion          |   105 |    19 |       ||   124
         Dagger            |       |    96 |   244 ||   340
    Use: Scroll            |     2 |     2 |     3 ||     7
         Potion            |       |     3 |     1 ||     4
 Armour: Robe              |    39 |       |       ||    39
         Ring mail         |    13 |    64 |   135 ||   212
         Skin              |       |     7 |       ||     7
  Dodge: Dodged            |    94 |    48 |   130 ||   272
   Form: Beast             |     1 |       |       ||     1
